 Dungeon Crawl Stone Soup version 0.31-a0-1074-g0b22e4e0f1 (webtiles) character file.

Game seed: 2960256531876751632

571 Jeffwins the Changeling (level 7, 42/42 HPs)
             Began as a Green Draconian Shapeshifter on Nov 26, 2023.
             Quit the game on level 5 of the Dungeon.
             The game lasted 00:04:40 (3702 turns).

Jeffwins the Changeling (DrSh)                      Turns: 3702, Time: 00:04:40

Health: 42/42      AC:  7    Str: 17    XL:     7   Next: 12%
Magic:  11/11      EV: 12    Int: 12    God:
Gold:   314        SH:  0    Dex: 10    Spells: 10/11 levels left

rFire   + .          .
                       - Unarmed
rCold   . . .        (shield currently unavailable)
rNeg    . . .        (body armour unavailable)
rPois   +            (helmet restricted)
rElec   .            w - +0 cloak
rCorr   .            (no gloves)
SInv    .            (no boots)
Will    .....        l - amulet of the acrobat
Stlth   +            F - ring of protection from fire
HPRegen 0.27/turn    (no ring)
MPRegen 0.12/turn

%: acrobat
@: flux-form, glowing
A: glow, contaminating, reduced hp, breathe noxious fumes, AC +6, unfitting
armour, poison resistance, cold-blooded
a: Breathe Noxious Fumes, Begin Untransformation


You were on level 5 of the Dungeon.
You were something dangerously unstable.
You visited 1 branch of the dungeon, and saw 5 of its levels.

You collected 314 gold pieces.


Innate Abilities, Weirdness & Mutations

You are something dangerously unstable.
You glow with magical radiation, making you easy to see and hit.
Foes you strike become dangerously contaminated with magical radiation.
Your maximum health is decreased, since you lack skill for your form.
You are incapable of wielding weapons or throwing items.
You can breathe blasts of noxious fumes.
Your lurid green scales are hard. (AC +6)
You cannot fit into any form of body armour.
Your system is resistant to poisons. (rPois)
You are cold-blooded and may be slowed by cold attacks.


   Skills:
 - Level 1.1 Fighting
 - Level 1.7 Dodging
 - Level 3.0 Unarmed Combat
 * Level 2.9 Spellcasting
 * Level 3.0 Conjurations
 * Level 3.0 Fire Magic
 + Level 0.5 Evocations
 * Level 5.2 Shapeshifting


You had 10 spell levels left.
You knew the following spells:

 Your Spells              Type           Power      Damage    Failure   Level
z - Foxfire               Conj/Fire      36%        2x1d5     7%          1

Your spell library contained the following spells:

 Spells                   Type           Power      Damage    Failure   Level
 Shock                    Conj/Air       20%        1d4       14%         1
 Swiftness                Air            1%         N/A       58%         3
 Airstrike                Air            0%         2d(1-17)  94%         4
 Plasma Beam              Fire/Air       2%         2x1d12    100%        6
 Starburst                Conj/Fire      4%         6d4       100%        6

Inventory:

Missiles
 i - 11 poisoned darts
Armour
 w - a +0 cloak (worn)
Jewellery
 l - an amulet of the acrobat (around neck)
 F - a ring of protection from fire (left hand)
 H - an amulet of faith {!P}
Talismans
 b - a beast talisman
 c - a flux talisman (active)
Wands
 r - a wand of quicksilver (7)
 t - a wand of polymorph (8)
Scrolls
 a - a scroll of fear {unknown}
 d - 2 scrolls of immolation {unknown}
 f - a scroll of enchant weapon {unknown}
 g - a scroll of vulnerability {unknown}
 h - 2 scrolls of fog {unknown}
 j - 7 scrolls of identify {unknown}
 k - a scroll of silence {unknown}
 n - 3 scrolls of teleportation {unknown}
 p - 3 scrolls of noise {unknown}
 q - a scroll of poison {unknown}
Potions
 e - a potion of heal wounds {unknown}
 m - 2 potions of curing {unknown}
 o - a potion of haste {@q3}
 s - a potion of degeneration {unknown}
 u - 2 potions of might {unknown}
 v - a potion of brilliance {unknown}

Dungeon Overview and Level Annotations

Branches:
Dungeon (5/15)
 Temple: D:4-7

Altars:
Elyvilon
Nemelex Xobeh
Ru

Shops:
D:4 =

Annotations:
D:3 kaesle's ghost, amateur HOFi

.##..## .##.# ....#
.#### .# #########
####### ......... ..#..
.# ######### #.#)##..###
##############.#p..?....
.................%..##.#
.#############.......>.#
.# ########### '####
....# ....# ....# ....#


There were no monsters in sight!


Message History

The centaur wields a +0 orcbow.
The centaur shoots an arrow.
The arrow barely misses you.
The centaur unwields a +0 orcbow.
The centaur closely misses you. The centaur completely misses you.
You hit the centaur.
The centaur begins to glow.
The centaur is lightly wounded.
The centaur barely misses you. The centaur misses you.
The centaur barely misses you.
The centaur kicks you but does no damage.
You hit the centaur.
The centaur glows dangerously bright.
You tail-slap the centaur.
The centaur is heavily wounded.
The centaur hits you but does no damage.
The centaur barely misses you.
You hit the centaur.
The centaur shudders as magic cascades through it.
The centaur twists and deforms.
The centaur is almost dead.
The centaur misses you. The centaur closely misses you. The centaur misses you.
The centaur kicks you but does no damage.
You hit the centaur.
The centaur begins to glow.
You tail-slap the centaur.
You kill the centaur!
Your Conjurations skill increases to level 3!
Your Fire Magic skill increases to level 3!
You have reached level 7!
Your scales start taking on a lurid green colour.
You learn Poison Magic much quicker.
You can breathe blasts of noxious fumes.
You feel resistant to poisons.
Are you sure you want to abandon this character and quit the game? (Confirm with "yes".)

Skill      XL: |  1  2  3  4  5  6 |
---------------+-------------------+-----
Shapeshifting  | 4 5 |  5.2
Spellcasting   | 1 2 |  2.9
Conjurations   | 1 2 3 |  3.0
Fire Magic     | 2 3 |  3.0
Fighting       | |  1.1
Dodging        | |  1.7
Unarmed Combat | |  3.0
Evocations     | |  0.5

Action                     |  1- 3 |  4- 6 |  7- 9 || total
---------------------------+-------+-------+-------++-------
  Melee: Unarmed           |   113 |   158 |       ||   271
         Tailslap          |    10 |    26 |       ||    36
         Punch             |     1 |     1 |       ||     2
   Cast: Foxfire           |       |    24 |       ||    24
    Use: Potion            |       |     2 |       ||     2
   Stab: Sleeping          |     1 |       |       ||     1
 Armour: Skin              |    63 |    83 |       ||   146
  Dodge: Dodged            |    67 |   125 |       ||   192
   Form: Flux              |       |     1 |       ||     1

Levels and vault maps discovered:
D:1:      mainiacjoe_arrival_oval_in_oval, layout_loops_ring
D:2:      layout_loops_corners, basic_ecumenical_altar, minmay_3d_cube,
          uniq_sigmund, uniq_robin
D:3:      layout_basic, old_standard_altar, gammafunk_ghost_mausoleum
D:4:      layout_rooms, nicolae_ru_awakened_eye, nemelex_spade_bored_becter,
          serial_shops, shop, kennysheep_generic_room_10
D:5:      layout_basic

Notes
Turn   | Place    | Note
-------+----------+-------------------------------------------
     0 | D:1      | Jeffwins the Draconian Shapeshifter began the quest for the
                  | Orb.
     0 | D:1      | Reached XP level 1. HP: 16/16 MP: 1/1
   156 | D:1      | Reached XP level 2. HP: 23/23 MP: 2/2
   620 | D:1      | Reached skill level 4 in Shapeshifting
   681 | D:2      | Noticed Robin
   695 | D:1      | Reached XP level 3. HP: 23/28 MP: 3/3
   726 | D:1      | Killed Robin
  1042 | D:2      | Found a faded altar of an unknown god.
  1130 | D:2      | Reached XP level 4. HP: 34/35 MP: 4/4
  1138 | D:2      | Learned a level 1 spell: Foxfire
  1466 | D:2      | Noticed Sigmund
  1531 | D:2      | Killed Sigmund
  1532 | D:2      | Reached skill level 1 in Spellcasting
  1532 | D:2      | Reached skill level 1 in Conjurations
  1532 | D:2      | Reached skill level 2 in Fire Magic
  1532 | D:2      | Reached XP level 5. HP: 40/40 MP: 4/7
  1925 | D:3      | Found a transporter.
  2225 | D:3      | Found a white marble altar of Elyvilon.
  2327 | D:3      | Found a transporter.
  2331 | D:3      | Noticed kaesle's ghost (amateur HOFi)
  2613 | D:4      | Found Pinguad's Jewellery Emporium.
  2630 | D:4      | Reached skill level 2 in Spellcasting
  2630 | D:4      | Reached skill level 2 in Conjurations
  2630 | D:4      | Reached skill level 5 in Shapeshifting
  2630 | D:4      | Reached XP level 6. HP: 27/47 MP: 7/9
  3168 | D:4      | Found a sparkling altar of Nemelex Xobeh.
  3366 | D:4      | Found a sacrificial altar of Ru.
  3477 | D:5      | Entered Level 5 of the Dungeon
  3702 | D:5      | Reached skill level 3 in Conjurations
  3702 | D:5      | Reached skill level 3 in Fire Magic
  3702 | D:5      | Your scales start taking on a lurid green colour.
  3702 | D:5      | Reached XP level 7. HP: 42/52 MP: 11/11
  3702 | D:5      | Gained mutation: Your system is resistant to poisons.
                  | (rPois) [Green Draconian growth]
  3702 | D:5      | Quit the game

Vanquished Creatures
  Sigmund (D:2)
  A centaur (D:5)
  A scorpion (D:4)
  3 hounds
  An iguana (D:4)
  Robin (D:1)
  4 adders
  2 ufetubi (D:5)
  3 dart slugs
  5 orcs (D:4)
  6 ball pythons
  18 endoplasms
  3 giant cockroaches
  16 goblins
  7 hobgoblins
  3 jackals (D:3)
  4 kobolds
  5 quokkas (D:1)
  6 bats
  3 frilled lizards
  3 rats
96 creatures vanquished.

Vanquished Creatures (others)
  43 foxfires
43 creatures vanquished.

Grand Total: 139 creatures vanquished

Table legend: (Time is in decaauts)
 A = Elapsed time spent in this place.
 B = Non-inter-level travel time spent in this place.
 C = Inter-level travel time spent in this place.
 D = Time resting spent in this place.
 E = Time spent auto-exploring this place.
 F = Levels seen in this place.
 G = Mean time per level.
                   A        B        C        D        E       F      G
               +--------+--------+--------+--------+--------+-----+--------+
         Total |   3681 |   3591 |     90 |    232 |   2671 |   5 |  736.2 |
       Dungeon |   3681 |   3591 |     90 |    232 |   2671 |   5 |  736.2 |
               +--------+--------+--------+--------+--------+-----+--------+

Top non-repeatable levels by time:
     D:2: 1159 daAuts
     D:4: 866 daAuts
     D:1: 744 daAuts
     D:3: 687 daAuts
     D:5: 223 daAuts

Table legend:
 A = Non-vault XP
 B = Vault XP
 C = Vault XP percentage of total XP
 D = Non-vault monster count
 E = Vault monster count
 F = Vault count percentage of total count
                 A         B        C        D         E       F
            +---------+---------+-------+---------+---------+-------
      Total |     550 |     267 |  32.7 |      78 |      18 |  18.8
            +---------+---------+-------+---------+---------+-------
        D:1 |      36 |      22 |  37.9 |      21 |       5 |  19.2
        D:2 |      55 |     243 |  81.5 |      21 |      12 |  36.4
        D:3 |      12 |       0 |   0.0 |       7 |       0 |   0.0
        D:4 |     282 |       2 |   0.7 |      25 |       1 |   3.8
        D:5 |     165 |       0 |   0.0 |       4 |       0 |   0.0
            +---------+---------+-------+---------+---------+-------
